 Dungeon Crawl Stone Soup version 0.31-a0-986-g5e6e4ef867 (webtiles) character file.

Game seed: 2198920882139335800

32 jasper the Shooter (level 3, -2/26 HPs)
             Began as a Demonspawn Hexslinger on Nov 10, 2023.
             Slain by an orc priest
             ... wielding a +0 whip
              (3 damage)
             ... on level 3 of the Dungeon.
             The game lasted 00:02:03 (986 turns).

jasper the Shooter (Demonspawn Hexslinger)           Turns: 986, Time: 00:02:03

Health: -2/26      AC:  5    Str:  8    XL:     3   Next: 10%
Magic:  4/4        EV: 10    Int: 14    God:
Gold:   61         SH:  0    Dex: 17    Spells: 4/4 levels left

rFire   . . .        a - +1 sling
rCold   . . .        (no shield)
rNeg    . . .        n - +0 ring mail
rPois   .            (no helmet)
rElec   .            (no cloak)
rCorr   .            (no gloves)
SInv    .            (no boots)
Will    .....        (no amulet)
Stlth   +            (no ring)
HPRegen 0.24/turn    (no ring)
MPRegen 0.09/turn

%: no passive effects
@: no status effects
A: hooves 1, foul stench 1
a: no special abilities


You were on level 3 of the Dungeon.
You visited 1 branch of the dungeon, and saw 3 of its levels.

You collected 61 gold pieces.

Inventory:

Hand Weapons
 a - a +1 sling (weapon)
Armour
 c - a +0 robe
 e - an orb of mayhem
 n - a +0 ring mail (worn)
Jewellery
 o - a ring of willpower
Scrolls
 b - a scroll of poison
 d - 2 scrolls of brand weapon {unknown}
 f - a scroll of blinking {unknown}
 g - a scroll of immolation {unknown}
 j - a scroll of identify {unknown}
 l - a scroll of vulnerability {unknown}
Potions
 i - a potion of attraction {unknown}
 k - a potion of curing {unknown}
 m - a potion of haste {unknown}


   Skills:
 - Level 1.0 Fighting
 + Level 3.3 Ranged Weapons
 - Level 1.7 Dodging
 - Level 1.0 Spellcasting
 - Level 3.0 Hexes
 - Level 0.8 Fire Magic


You had 4 spell levels left.
You didn't know any spells.
Your spell library contained the following spells:

 Spells                   Type           Power      Damage    Failure   Level
 Jinxbite                 Hex            18%        N/A       34%         2
 Sigil of Binding         Hex            9%         N/A       56%         3
 Inner Flame              Hex/Fire       6%         N/A       73%         3
 Cause Fear               Hex            4%         N/A       93%         4
 Dimensional Bullseye     Hex/Tloc       2%         N/A       99%         4


Dungeon Overview and Level Annotations

Branches:
Dungeon (3/15)

Altars:

Annotations:
D:2 Sigmund


Innate Abilities, Weirdness & Mutations

You have large cloven feet.
You may rarely emit foul miasma when damaged in melee.


Message History

Fire: a) +1 sling
Press: ? - help, Q - select action Shift-Dir - straight line, f - orc priest
Aim: an orc priest, wielding a +0 whip and wearing a +0 chain mail (moderately wounded, 67% to hit)
You shoot a sling bullet.
The sling bullet barely misses the orc priest.
The orc priest hits you with a +0 whip.
* * * LOW HITPOINT WARNING * * *
You take 2 damage, and have 7/26 hp.
Fire: a) +1 sling
Press: ? - help, Q - select action Shift-Dir - straight line, f/p - orc priest
Aim: an orc priest, wielding a +0 whip and wearing a +0 chain mail (moderately wounded, 67% to hit)
You shoot a sling bullet. The sling bullet hits the orc priest.
The orc priest is heavily wounded.
The orc priest hits you with a +0 whip.
* * * LOW HITPOINT WARNING * * *
You take 3 damage, and have 4/26 hp.
Okay, then.
Fire: a) +1 sling
Press: ? - help, Q - select action Shift-Dir - straight line, f/p - orc priest
Aim: an orc priest, wielding a +0 whip and wearing a +0 chain mail (heavily wounded, 67% to hit)
You shoot a sling bullet.
The sling bullet barely misses the orc priest.
The orc priest misses you. The orc priest hits you with a +0 whip.
* * * LOW HITPOINT WARNING * * *
You take 2 damage, and have 2/26 hp.
Fire: a) +1 sling
Press: ? - help, Q - select action Shift-Dir - straight line, f/p - orc priest
Aim: an orc priest, wielding a +0 whip and wearing a +0 chain mail (heavily wounded, 67% to hit)
You shoot a sling bullet.
The sling bullet closely misses the orc priest.
The orc priest barely misses you.
Fire: a) +1 sling
Press: ? - help, Q - select action Shift-Dir - straight line, f/p - orc priest
Aim: an orc priest, wielding a +0 whip and wearing a +0 chain mail (heavily wounded, 67% to hit)
You shoot a sling bullet.
The sling bullet barely misses the orc priest.
The orc priest hits you with a +0 whip.
* * * LOW HITPOINT WARNING * * *
The orc priest hits you with a +0 whip.
You die...

.#.##........8......
#......#.#..........
##.......#..<.......
##...................
#...##..##.#####.....
...........# #.#.
...##..#### ...
#..########...#.
#.....)o@.......
#.###########... #.
#. .. .. ... ...


You could see an orc priest.

Vanquished Creatures
  2 dart slugs (D:1)
  2 orcs (D:3)
  2 bats (D:1)
  4 goblins
  7 hobgoblins (D:1)
  2 kobolds (D:1)
  2 ball pythons (D:1)
  2 frilled lizards (D:1)
23 creatures vanquished.

Notes
Turn   | Place    | Note
-------+----------+-------------------------------------------
     0 | D:1      | jasper the Demonspawn Hexslinger began the quest for the
                  | Orb.
     0 | D:1      | Reached XP level 1. HP: 15/15 MP: 2/2
   185 | D:1      | Gained mutation: You may rarely emit foul miasma when
                  | damaged in melee. [demonic ancestry]
   185 | D:1      | Reached XP level 2. HP: 18/21 MP: 3/3
   874 | D:2      | Noticed Sigmund
   951 | D:3      | Found a faded altar of an unknown god.
   971 | D:3      | Gained mutation: You have large cloven feet. [demonic
                  | ancestry]
   971 | D:3      | Reached XP level 3. HP: 26/26 MP: 4/4
   986 | D:3      | HP: 1/26 [orc priest/+0 whip (2)]
   986 | D:3      | Slain by an orc priest

Illustrated notes

Levels and vault maps discovered:
D:1:      scummos_arrival_gate, layout_loops_ring
D:2:      layout_basic, uniq_natasha, uniq_sigmund
D:3:      corexii_shack_village, layout_loops_ring,
          nicolae_overflow_hidden_temple, nicolae_ru_sacrificial_ziggurat,
          chequers_ecumenical_altar_simple, uniq_ijyb

Skill      XL: |  1  2 |
---------------+-------+-----
Ranged Weapons | 2 3 |  3.3
Fighting       | |  1.0
Dodging        | |  1.7
Spellcasting   | |  1.0
Hexes          | |  3.0
Fire Magic     | |  0.8

Action                     || total
---------------------------++-------
   Fire: Sling             ||    79
    Use: Potion            ||     2
 Armour: Robe              ||    11
         Ring mail         ||    26
  Dodge: Dodged            ||    40

Table legend: (Time is in decaauts)
 A = Elapsed time spent in this place.
 B = Non-inter-level travel time spent in this place.
 C = Inter-level travel time spent in this place.
 D = Time resting spent in this place.
 E = Time spent auto-exploring this place.
 F = Levels seen in this place.
 G = Mean time per level.
                   A        B        C        D        E       F      G
               +--------+--------+--------+--------+--------+-----+--------+
         Total |   1014 |    902 |    112 |      0 |    713 |   3 |  338.0 |
       Dungeon |   1014 |    902 |    112 |      0 |    713 |   3 |  338.0 |
               +--------+--------+--------+--------+--------+-----+--------+

Top non-repeatable levels by time:
     D:1: 832 daAuts
     D:2: 140 daAuts
     D:3: 42 daAuts
